 Dungeon Sprint DCSS version 0.17-a0-1-g1f4be75 (webtiles) character file.

13836 Medar the Brawler (level 11, -6/123 HPs)
             Began as a Troll Monk on Mar 12, 2015.
             Was the Champion of Zin.
             Killed by divine providence
             ... invoked by a daeva
              (12 damage)
             ... in the Dungeon (Sprint I: "Red Sonja").
             The game lasted 00:19:14 (2368 turns).

Medar the Brawler (Troll Monk)                      Turns: 2368, Time: 00:19:14

Health: -6/123     AC: 23    Str: 26      XL:     11   Next: 80%
Magic:  18/18      EV: 13    Int:  4 (6)  God:    Zin [******]
Gold:   54         SH:  0    Dex: 20      Spells: 0 memorised, 10 levels left

rFire  + . .     SeeInvis .       - Unarmed
rCold  + . .     Clarity  .     c - +4 gold dragon armour
rNeg   . . .     SustAb   +     (shield restricted)
rPois  +         Gourm    +     (helmet restricted)
rElec  .         Spirit   .     r - +0 cloak
rCorr  .         Warding  .     (gloves unavailable)
rMut   .         NoTele   +     (boots unavailable)
MR     .....                    (no amulet)
Stlth  ..........               u - ring of sustain abilities
                                e - +5 ring of strength

@: agile, glowing, not resistant to hostile enchantments, extremely unstealthy
A: unfitting armour, claws 3, fast metabolism 3, gourmand, regeneration 2,
shaggy fur 1, tough skin 2
a: Recite, Vitalisation, Imprison, Sanctuary, Cure All Mutations, Renounce
Religion


You were in the Dungeon.
You worshipped Zin.
Zin was exalted by your worship.
You were not hungry.

You visited 1 branch You collected 2793 gold pieces.
You spent 2707 gold pieces at shops.
You donated 32 gold pieces to Zin.

Inventory:

Hand weapons
 g - a +0 blowgun
Missiles
 l - 4 curare-tipped needles
Armour
 a - a +0 robe
 c - a +4 gold dragon armour (worn)
 m - a +2 robe of resistance
 r - a +0 cloak (worn)
Jewellery
 e - a +5 ring of strength (left claw)
 i - an uncursed ring of fire
 u - a ring of sustain abilities (right claw)
Magical devices
 d - a wand of draining (3)
 j - a wand of lightning (1)
Scrolls
 h - a scroll of blinking
 k - 2 scrolls of remove curse {@r1}
 p - a scroll of fog
 q - a scroll of identify {unknown}
Potions
 f - 2 potions of magic
 n - a potion of invisibility
 o - a potion of curing {@q1}
Comestibles
 b - 2 meat rations


   Skills:
 - Level 11.8 Fighting
 + Level 5.7 Armour
 - Level 10.9 Dodging
 - Level 1.1 Stealth
 - Level 19.9 Unarmed Combat
 - Level 7.7 Invocations


You had 10 spell levels left.
You didn't know any spells.

Dungeon Overview and Level Annotations

Branches:
Dungeon (1/1)

Altars:
Cheibriados
Dithmenos
Elyvilon
Fedhas
Gozag
Kikubaaqudgha
Makhleb
Nemelex Xobeh
Okawaru
Qazlal
Ru
Sif Muna
Trog
Vehumet
Xom
Yredelemnul
Zin
The Shining One
Jiyva

Shops:
D (:(?*%[%:}=[*[?:*:([!

Annotations:
D Norris


Innate Abilities, Weirdness & Mutations

You are too large for most types of armour.
You have claws for hands.
Your metabolism is lightning-fast.
You like to eat raw meat.
You heal very quickly.
You are covered in fur (AC +1).
You have very tough skin (AC +2).


Message History

The daeva calls down the wrath of the Shining One upon you.
Something smites you!
* * * LOW HITPOINT WARNING * * *
The unseen horror hits you!
* * * LOW HITPOINT WARNING * * *
You scratch the unseen horror.
The unseen horror is moderately wounded.
The unseen horror hits you.
* * * LOW HITPOINT WARNING * * *
The unseen horror barely misses you.
Drink which item? (? for menu, Esc to quit)
Okay, then.
You scratch the unseen horror.
The unseen horror is moderately wounded.
The unseen horror barely misses you.
The unseen horror hits you but does no damage.
The unseen horror closely misses you.
The daeva calls down the wrath of the Shining One upon you.
Something smites you!
You die...

#######################
)...#..#§§§§'§...§.'.$#
#...##'#§####§§..§##$.+
#...'..#§#(###.§D######
#####§§'§#'#.###+# ?%##
#§.##+####^..#{#@##$$$#
§.§#...^.#...###.x###$#
#.§#..^^.+.....##.#A#$#
##'###§.^#^....#§.###$#
##.'.#§§.###§'##.##..$#
.###.#§§###..###..#+###
.∩##.#.§####..###...
####§##'#..#).#.###.#
#.##.#.........#.#


You could see a daeva and an unseen horror (invisible).

Vanquished Creatures
  A lorocyproca (D)
  2 centaur warriors (D)
  A deep troll (D)
  3 unseen horrors (D)
  A lindwurm (D)
  An oklob plant (D)
  8 shining eyes (D)
  A gargoyle (D)
  2 kobold demonologists (D)
  4 demonic crawlers (D)
  Sonja (D)
  A slime creature (D)
  A yak (D)
  4 trapdoor spiders (D)
  13 hogs (D)
  A wasp (D)
  7 necrophages (D)
  An ogre (D)
  Sigmund (D)
  8 jellies (D)
  Ijyb (D)
  7 giant eyeballs (D)
  2 ballistomycetes (D)
72 creatures vanquished.

Vanquished Creatures (others)
  A gargoyle (D)
  2 giant spores (D)
3 creatures vanquished.

Grand Total: 75 creatures vanquished

Notes
Turn   | Place    | Note
--------------------------------------------------------------
     0 | D        | Medar, the Troll Monk, began the quest for the Orb.
     0 | D        | Reached XP level 1. HP: 22/22 MP: 1/1
     2 | D        | Noticed Ijyb
    18 | D        | Killed Ijyb
    18 | D        | Reached skill level 6 in Unarmed Combat
    18 | D        | Reached XP level 2. HP: 17/29 MP: 1/1
    45 | D        | Noticed an ogre
    52 | D        | Killed an ogre
    52 | D        | Reached skill level 9 in Unarmed Combat
    52 | D        | Reached XP level 3. HP: 16/36 MP: 2/2
    52 | D        | Reached XP level 4. HP: 19/44 MP: 2/2
   100 | D        | Noticed Sigmund
   105 | D        | Killed Sigmund
   105 | D        | Reached skill level 11 in Unarmed Combat
   105 | D        | Reached XP level 5. HP: 50/50 MP: 2/2
   125 | D        | Found a deep blue altar of Sif Muna.
   126 | D        | Noticed a jelly
   127 | D        | Found a radiant altar of Vehumet.
   130 | D        | Killed a jelly
   159 | D        | Found Brykutuj's Magic Scroll Emporium.
   159 | D        | Found a white marble altar of Elyvilon.
   159 | D        | Found a stormy altar of Qazlal.
   159 | D        | Found a burning altar of Makhleb.
   159 | D        | Found a sacrificial altar of Ru.
   159 | D        | Found a basalt altar of Yredelemnul.
   159 | D        | Found a glowing golden altar of the Shining One.
   159 | D        | Found a sparkling altar of Nemelex Xobeh.
   159 | D        | Found a shimmering altar of Xom.
   159 | D        | Found an opulent altar of Gozag.
   159 | D        | Found an ancient bone altar of Kikubaaqudgha.
   159 | D        | Found a glowing silver altar of Zin.
   159 | D        | Noticed a yak
   163 | D        | Killed a yak
   163 | D        | Reached skill level 5 in Fighting
   163 | D        | Reached skill level 12 in Unarmed Combat
   163 | D        | Reached XP level 6. HP: 48/66 MP: 3/3
   164 | D        | Found an iron altar of Okawaru.
   165 | D        | Found a bloodstained altar of Trog.
   205 | D        | Killed a gargoyle
   206 | D        | Became a worshipper of Zin the Law-Giver
   206 | D        | Acquired Zin's first power
   206 | D        | Acquired Zin's second power
   206 | D        | Acquired Zin's third power
   206 | D        | Acquired Zin's fourth power
   220 | D        | Found a viscous altar of Jiyva.
   220 | D        | Found a blossoming altar of Fedhas.
   220 | D        | Noticed a slime creature
   221 | D        | Found a snail-covered altar of Cheibriados.
   221 | D        | Found a shadowy altar of Dithmenos.
   232 | D        | Killed a slime creature
   232 | D        | Reached skill level 13 in Unarmed Combat
   232 | D        | Reached XP level 7. HP: 38/76 MP: 3/3
   303 | D        | Noticed a kobold demonologist
   311 | D        | Noticed a rust devil
   314 | D        | Killed a kobold demonologist
   314 | D        | Reached skill level 5 in Dodging
   317 | D        | Noticed a kobold demonologist
   331 | D        | Killed a kobold demonologist
   331 | D        | Reached XP level 8. HP: 83/88 MP: 3/3
   336 | D        | Noticed a demonic crawler
   336 | D        | Noticed a demonic crawler
   336 | D        | Noticed a demonic crawler
   336 | D        | Noticed a demonic crawler
   349 | D        | Noticed a centaur warrior
   354 | D        | Noticed a centaur warrior
   371 | D        | Killed a centaur warrior
   371 | D        | Reached skill level 14 in Unarmed Combat
   378 | D        | Killed a centaur warrior
   378 | D        | Reached skill level 15 in Unarmed Combat
   378 | D        | Reached XP level 9. HP: 36/98 MP: 3/11
   471 | D        | Noticed a deep troll
   476 | D        | Killed a deep troll
   516 | D        | Noticed Sonja
   528 | D        | Killed Sonja
   577 | D        | Found Foecs' Weapon Boutique.
   669 | D        | Found Elaumios' Armour Emporium.
   676 | D        | Bought a +2 robe of resistance for 414 gold pieces
   704 | D        | Noticed a shining eye
   704 | D        | Noticed a shining eye
   721 | D        | Paralysed by a giant eyeball for 3 turns
   727 | D        | Killed a shining eye
   727 | D        | Reached skill level 16 in Unarmed Combat
   731 | D        | Paralysed by a giant eyeball for 4 turns
   746 | D        | Killed a shining eye
   747 | D        | Noticed a shining eye
   747 | D        | Noticed a shining eye
   747 | D        | Noticed a shining eye
   747 | D        | Noticed a shining eye
   751 | D        | Killed a shining eye
   751 | D        | Reached XP level 10. HP: 104/107 MP: 17/17
   751 | D        | Paralysed by a giant eyeball for 3 turns
   760 | D        | Killed a shining eye
   760 | D        | Reached skill level 17 in Unarmed Combat
   764 | D        | Killed a shining eye
   770 | D        | Paralysed by a giant eyeball for 4 turns
   775 | D        | Killed a shining eye
   776 | D        | Noticed a shining eye
   776 | D        | Noticed a shining eye
   789 | D        | Killed a shining eye
   789 | D        | Reached skill level 10 in Fighting
   793 | D        | Killed a shining eye
   796 | D        | Found Citesch's Book Shoppe.
   796 | D        | Found Vocviab's General Store.
   796 | D        | Found Deekit's Weapon Emporium.
   796 | D        | Found Kausira's Food Boutique.
   811 | D        | Bought a potion of invisibility for 88 gold pieces
   811 | D        | Bought 2 scrolls of fear for 77 gold pieces
   849 | D        | Killed a demonic crawler
   852 | D        | Killed a demonic crawler
   852 | D        | Reached skill level 18 in Unarmed Combat
   858 | D        | Killed a demonic crawler
   994 | D        | Killed a demonic crawler
  1092 | D        | Bought a scroll of fog for 26 gold pieces
  1092 | D        | Bought a scroll of enchant armour for 97 gold pieces
  1092 | D        | Bought a scroll of remove curse for 39 gold pieces
  1107 | D        | Noticed a wasp
  1112 | D        | Killed a wasp
  1123 | D        | Noticed an oklob plant
  1128 | D        | Killed an oklob plant
  1135 | D        | Noticed a trapdoor spider
  1137 | D        | Noticed a trapdoor spider
  1138 | D        | Killed a trapdoor spider
  1141 | D        | Noticed a trapdoor spider
  1143 | D        | Killed a trapdoor spider
  1143 | D        | Reached XP level 11. HP: 91/119 MP: 18/18
  1229 | D        | Noticed a trapdoor spider
  1229 | D        | Killed a trapdoor spider
  1232 | D        | Killed a trapdoor spider
  1254 | D        | Noticed a jelly
  1254 | D        | Noticed a jelly
  1254 | D        | Noticed a jelly
  1254 | D        | Noticed a jelly
  1256 | D        | Noticed a jelly
  1256 | D        | Noticed a jelly
  1256 | D        | Noticed a jelly
  1257 | D        | Noticed a necrophage
  1261 | D        | Killed a jelly
  1262 | D        | Killed a jelly
  1265 | D        | Killed a jelly
  1267 | D        | Killed a jelly
  1269 | D        | Killed a necrophage
  1274 | D        | Noticed a necrophage
  1274 | D        | Noticed a necrophage
  1275 | D        | Killed a jelly
  1276 | D        | Noticed a necrophage
  1276 | D        | Noticed a necrophage
  1277 | D        | Killed a jelly
  1278 | D        | Killed a jelly
  1285 | D        | Killed a necrophage
  1287 | D        | Killed a necrophage
  1287 | D        | Reached skill level 10 in Dodging
  1288 | D        | Killed a necrophage
  1290 | D        | Killed a necrophage
  1294 | D        | Noticed a necrophage
  1294 | D        | Noticed a necrophage
  1300 | D        | Killed a necrophage
  1302 | D        | Killed a necrophage
  1310 | D        | Identified the Disquisition on Twisted Creation
  1321 | D        | Found Imur's Food Shoppe.
  1321 | D        | Found Omielihi's Armour Shop.
  1321 | D        | Found Guntoole's Book Boutique.
  1323 | D        | Found Qexitiq's Gadget Emporium.
  1323 | D        | Found Usacs' Jewellery Shop.
  1323 | D        | Found Igunnias' Antique Armour Shoppe.
  1323 | D        | Found Suomasuu's Assorted Antiques.
  1323 | D        | Found Juokky's Armour Emporium.
  1323 | D        | Found Amyah's Magic Scroll Shop.
  1323 | D        | Found Doluhun's Book Shoppe.
  1323 | D        | Found Ihifonta's Assorted Antiques.
  1327 | D        | Found Gaupep's Antique Weapon Emporium.
  1327 | D        | Found Zaexky's Book Boutique.
  1328 | D        | Found Pnuriz's Distillery.
  1332 | D        | Bought a +0 cloak for 45 gold pieces
  1389 | D        | Noticed a gargoyle
  1403 | D        | Killed a gargoyle
  1403 | D        | Reached skill level 19 in Unarmed Combat
  1452 | D        | Noticed Norris
  1474 | D        | HP: 4/120 [something (21)]
  1476 | D        | Killed a lorocyproca
  1671 | D        | Noticed a lindwurm
  1674 | D        | Killed a lindwurm
  1689 | D        | Noticed a hog
  1689 | D        | Noticed a hog
  1689 | D        | Noticed a hog
  1689 | D        | Noticed a hog
  1689 | D        | Noticed a hog
  1690 | D        | Noticed a hog
  1690 | D        | Noticed a hog
  1692 | D        | Killed a hog
  1695 | D        | Killed a hog
  1697 | D        | Noticed a hog
  1697 | D        | Noticed a hog
  1699 | D        | Noticed a hog
  1699 | D        | Killed a hog
  1700 | D        | Noticed a hog
  1704 | D        | Killed a hog
  1706 | D        | Killed a hog
  1707 | D        | Killed a hog
  1711 | D        | Killed a hog
  1784 | D        | Noticed a hog
  1784 | D        | Noticed a hog
  1792 | D        | Killed a hog
  1793 | D        | Killed a hog
  1794 | D        | Killed a hog
  1797 | D        | Killed a hog
  1807 | D        | Killed a hog
  1808 | D        | Killed a hog
  1830 | D        | Noticed a 12-headed hydra
  2201 | D        | Bought a +2 gold dragon armour for 1104 gold pieces
  2214 | D        | Bought a +5 ring of strength for 453 gold pieces
  2219 | D        | Bought a scratched glass ring for 140 gold pieces
  2221 | D        | Bought a potion of curing for 84 gold pieces
  2221 | D        | Bought a potion of heal wounds for 140 gold pieces
  2343 | D        | Noticed a daeva
  2352 | D        | Noticed an unseen horror
  2352 | D        | Noticed an unseen horror
  2353 | D        | Noticed an unseen horror
  2354 | D        | Noticed an unseen horror
  2356 | D        | Killed an unseen horror
  2362 | D        | Killed an unseen horror
  2364 | D        | Killed an unseen horror
  2364 | D        | Reached skill level 5 in Armour
  2366 | D        | HP: 5/123 [unseen horror (7)]
  2368 | D        | Killed from afar by a daeva

Action                   |  1- 3 |  4- 6 |  7- 9 | 10-12 || total
-------------------------+-------+-------+-------+-------++-------
Melee: Unarmed           |    18 |    18 |    63 |   145 ||   244
Evoke: Wand              |       |       |       |     2 ||     2
  Use: Potion            |     1 |     1 |     2 |     7 ||    11
       Scroll            |       |       |       |     4 ||     4
 Stab: Sleeping          |       |       |       |     3 ||     3
  Eat: Chunk             |     1 |     3 |       |     6 ||    10
       Meat ration       |       |       |     1 |     1 ||     2
